 Dungeon Crawl Stone Soup version 0.15.1-1-gfacfea3 (webtiles) character file.

215 Johnny the Chiller (level 5, -2/41 HPs)
             Began as a Demigod Ice Elementalist on Sept 25, 2014.
             Slain by a worker ant (5 damage)
             ... on Level 4 of the Dungeon.
             The game lasted 00:07:28 (4732 turns).

Johnny the Chiller (Demigod Ice Elementalist)       Turns: 4732, Time: 00:07:28

HP  -2/41        AC  6     Str 17      XL: 5   Next: 34%
MP  13/14        EV 10     Int 20      God:
Gold 230         SH  0     Dex 17      Spells:  2 memorised,  5 levels left

rFire  . . .     SeeInvis .     y - +4 dagger
rCold  . . .     Clarity  .     z - +0 ring mail
rNeg   . . .     rCorr    +     (no shield)
rPois  .         rRot     .     (no helmet)
rElec  .         Spirit   .     (no cloak)
SustAb .         Warding  .     x - +0 pair of gloves
rMut   .         Stasis   .     (no boots)
Gourm  .                        a - amulet of resist corrosion
MR     +....                    v - ring of stealth
                                j - ring of protection from magic

@: mighty, lethally poisoned, somewhat resistant to hostile enchantments, fairly
stealthy
A: no striking features
a: no special abilities


You were on level 4 of the Dungeon.
You were not hungry.

You visited 1 branch of the dungeon, and saw 4 of its levels.

You collected 230 gold pieces.

Inventory:

Hand weapons
 y - a +4 dagger (weapon)
Armour
 x - a +0 pair of gloves (worn)
 z - a +0 ring mail (worn)
Magical devices
 t - a wand of confusion (16)
Comestibles
 c - 3 bread rations
 g - 2 beef jerkies
 k - 2 meat rations
Scrolls
 d - a scroll of immolation {unknown}
 f - 4 scrolls of remove curse {unknown}
 i - a scroll of enchant weapon {unknown}
 n - 2 scrolls of identify {unknown}
 r - a scroll of teleportation {unknown}
 u - 2 scrolls of enchant armour {unknown}
Jewellery
 a - an amulet of resist corrosion (around neck)
 j - a ring of protection from magic (left hand)
 v - a ring of stealth (right hand)
Potions
 h - a potion of lignification {unknown}
 l - a potion of curing {unknown}
 m - a potion of brilliance {unknown}
 o - a potion of flight {unknown}
 p - a potion of beneficial mutation {unknown}
 q - a potion of restore abilities {unknown}
 s - a potion of mutation {unknown}
 w - a potion of poison {unknown}
Books
 b - a book of Frost

   Spells                             Type                      Level
   *Freeze                            Ice                          1
   Throw Frost                        Conjuration/Ice              2
   Ozocubu's Armour                   Charms/Ice                   3
   Throw Icicle                       Conjuration/Ice              4
   *Summon Ice Beast                  Ice/Summoning                4
   Condensation Shield                Ice                          4


   Skills:
 + Level 1.9 Fighting
 - Level 1.0 Armour
 - Level 2.1 Dodging
 - Level 2.4 Stealth
 * Level 3.0 Spellcasting
   Level 0.8 Conjurations
 * Level 1.0 Summonings
 * Level 3.6 Ice Magic


You had 5 spell levels left.
You knew the following spells:

 Your Spells              Type           Power        Failure   Level  Hunger
a - Freeze                Ice            ###.         4%          1    None
c - Summon Ice Beast      Ice/Summ       ##......     65%         4    ####...


Dungeon Overview and Level Annotations

Branches:
Dungeon (4/15)
 Temple: D:4-7


Message History

The worker ant is heavily wounded.
You feel sick. The worker ant bites you.
* * * LOW HITPOINT WARNING * * *
The worker ant bites you.
* * * LOW HITPOINT WARNING * * *
Casting: Freeze
Confirm with . or Enter, or press ? or * to list all spells.
Aiming: Freeze
Press: ? - help, Shift-Dir - straight line, f - worker ant
Aim: a worker ant (heavily wounded)
You freeze the worker ant.
The worker ant is almost dead.
The worker ant bites you.
* * * LOW HITPOINT WARNING * * *
Drink which item? (? for menu, Esc to quit)
You feel very mighty all of a sudden.
It was a potion of might.
* * * LOW HITPOINT WARNING * * *
You feel sick. The worker ant bites you.
You die...

... ..# #.# ##..####.#
#.# ......##.# #.#
#..#.##.# #.#
#..#.##.#####.#
#.....#.......#
#.............###
##.#.#####....######.....
......la@......# #..###
####.#.###.....# #..###
.. ..................
.......................
≈≈...≈≈≈.≈≈≈≈≈≈≈≈≈≈≈.≈..
≈ ≈≈≈≈≈≈≈≈≈≈≈≈≈≈≈≈≈≈..
≈≈≈≈≈≈≈≈≈≈≈≈≈≈≈≈≈...
≈≈≈≈≈≈≈≈≈≈≈ ≈≈≈.. #####
##+


You could see a worker ant and a giant newt.

Vanquished Creatures
  An orc wizard (D:3)
  6 adders
  3 gnolls (D:3)
  3 worms
  2 giant geckos
  An ooze (D:1)
  3 orcs (D:3)
  A ball python (D:2)
  4 giant cockroaches
  7 hobgoblins
  14 jackals
  A quokka (D:2)
  6 bats
  6 giant newts
  A giant newt skeleton (D:4)
  6 goblins
  7 kobolds
  13 rats
  A rat skeleton (D:4)
86 creatures vanquished.

Notes
Turn   | Place    | Note
--------------------------------------------------------------
     0 | D:1      | Johnny, the Demigod Ice Elementalist, began the quest for the Orb.
     0 | D:1      | Reached XP level 1. HP: 14/14 MP: 3/3
   828 | D:1      | Reached XP level 2. HP: 4/22 MP: 2/4
  1296 | D:1      | Reached skill level 3 in Ice Magic
  1467 | D:1      | Reached XP level 3. HP: 15/27 MP: 0/8
  2174 | D:2      | Reached skill level 1 in Fighting
  3207 | D:2      | Reached XP level 4. HP: 22/35 MP: 4/11
  3716 | D:3      | Reached skill level 1 in Armour
  3757 | D:3      | Learned a level 4 spell: Summon Ice Beast
  3894 | D:3      | Reached XP level 5. HP: 19/41 MP: 2/13
  4636 | D:4      | Reached skill level 1 in Summonings
  4732 | D:4      | Slain by a worker ant

Action                   |  1- 3 |  4- 6 || total
-------------------------+-------+-------++-------
Melee: Dagger            |   174 |    78 ||   252
       Unarmed           |     7 |       ||     7
       Club              |     6 |       ||     6
 Cast: Freeze            |    42 |    43 ||    85
Evoke: Wand              |     1 |       ||     1
  Use: Potion            |       |     1 ||     1
 Stab: Sleeping          |     5 |     3 ||     8
  Eat: Chunk             |     3 |     5 ||     8
       Bread ration      |     1 |       ||     1
